 Dungeon Crawl Stone Soup version 0.18.1-8-gdd0e5ea (webtiles) character file.

123 sleepydude the Cudgeler (level 4, -2/39 HPs)
             Began as a Minotaur Berserker on June 6, 2016.
             Was a Believer of Trog.
             Killed from afar by an orc wizard (7 damage)
             ... with a magic dart
             ... on level 3 of the Dungeon on June 7, 2016.
             The game lasted 00:15:16 (1942 turns).

sleepydude the Cudgeler (Minotaur Berserker)        Turns: 1942, Time: 00:15:16

Health: -2/39      AC:  5    Str: 21    XL:     4   Next: 80%
Magic:  3/3        EV: 11    Int:  4    God:    Trog [**....]
Gold:   91         SH:  0    Dex: 11    Spells: 0 memorised, 3 levels left

rFire  . . .     SeeInvis .     a - +0 mace
rCold  . . .     Gourm    .     h - +0 ring mail
rNeg   . . .     Faith    .     (no shield)
rPois  .         Spirit   .     (helmet restricted)
rElec  .         Dismiss  .     (no cloak)
rCorr  .         Reflect  .     (no gloves)
SustAt .         Harm     .     (no boots)
MR     .....                    (no amulet)
Stlth  +.........               (no ring)
                                (no ring)

@: not resistant to hostile enchantments, very unstealthy
A: retaliatory headbutt, horns 2
a: Berserk, Trog's Hand, Burn Spellbooks, Renounce Religion


You were on level 3 of the Dungeon.
You worshipped Trog.
Trog was pleased with you.
You were not hungry.

You visited 1 branch of the dungeon, and saw 3 of its levels.

You collected 91 gold pieces.

Inventory:

Hand Weapons
 a - a +0 mace (weapon)
Armour
 b - a +0 animal skin
 h - a +0 ring mail (worn)
Jewellery
 d - an uncursed amulet of magic regeneration {unknown}
Scrolls
 c - a scroll of recharging {unknown}
 i - a scroll of magic mapping {unknown}
 j - a scroll of teleportation {unknown}
 k - a scroll of fog {unknown}
 l - a scroll of remove curse {unknown}
Potions
 e - 2 potions of curing {unknown}
 g - a potion of flight {unknown}
 m - 2 potions of haste {unknown}
Comestibles
 f - a meat ration
 n - a bread ration


   Skills:
 - Level 3.6 Fighting
 + Level 6.7 Maces & Flails
 - Level 2.5 Armour
 - Level 2.1 Dodging


You had 3 spell levels left.
You didn't know any spells.

Dungeon Overview and Level Annotations

Branches:
Dungeon (3/15)

Altars:
Fedhas
Yredelemnul


Innate Abilities, Weirdness & Mutations

You reflexively headbutt those who attack you in melee.
You have a pair of horns on your head.


Message History

Something hits you.
You closely miss something.
Your skin stops crawling.
You feel less resistant to hostile enchantments.
Something barely misses you. Something hits you.
You hit something. You headbutt something.
Something hits you but does no damage.
You hear some strange, mumbled words.
A puff of flame appears from out of thin air!
The puff of flame hits you!
* * * LOW HITPOINT WARNING * * *
You hear some strange, mumbled words.
A magic dart appears from out of thin air!
The magic dart hits you!
* * * LOW HITPOINT WARNING * * *
You miss something. You headbutt something.
You hear some strange, mumbled words.
A magic dart appears from out of thin air!
The magic dart hits you!
You die...

#### #...(. ..#
#.##.. #.#
#.##..
##†###.##.#
######.#.##.##.#
#...).###.#.##.#
#.####r#..#.##.#
##.@{..##<#
###......#
#####..# #..#
#.># #... #..##
#..# #..#


You could see a rat.

Vanquished Creatures
  An orc priest (D:3)
  4 adders (D:2)
  2 worms (D:2)
  A dart slug (D:1)
  4 giant geckos (D:2)
  An orc (D:3)
  2 bats (D:1)
  3 giant cockroaches
  3 goblins
  5 hobgoblins
  3 jackals (D:2)
  6 kobolds
  2 quokkas (D:2)
  A giant newt (D:2)
  7 rats
  A spectral orc (D:2)
46 creatures vanquished.

Notes
Turn   | Place    | Note
--------------------------------------------------------------
     0 | D:1      | sleepydude the Minotaur Berserker began the quest for the Orb.
     0 | D:1      | Reached XP level 1. HP: 19/19 MP: 0/0
   186 | D:1      | Reached skill level 4 in Maces & Flails
   293 | D:1      | Reached XP level 2. HP: 26/26 MP: 1/1
   671 | D:2      | Reached skill level 5 in Maces & Flails
  1003 | D:2      | Found a basalt altar of Yredelemnul.
  1008 | D:2      | Reached XP level 3. HP: 31/31 MP: 2/2
  1057 | D:2      | Reached ** piety under Trog
  1320 | D:2      | Reached XP level 4. HP: 27/39 MP: 3/3
  1499 | D:2      | Found a blossoming altar of Fedhas.
  1550 | D:2      | Reached skill level 6 in Maces & Flails
  1942 | D:3      | Killed from afar by an orc wizard

Skill      XL: |  1  2  3  4 |
---------------+-------------+-----
Maces & Flails | 4 5 6 |  6.7
Fighting       | |  3.6
Armour         | |  2.5
Dodging        | |  2.1

Action                   |  1- 3 |  4- 6 || total
-------------------------+-------+-------++-------
Melee: Mace              |    57 |    50 ||   107
       Headbutt          |     6 |    10 ||    16
Invok: Trog's Hand       |       |     1 ||     1
  Eat: Bread ration      |     1 |       ||     1
Armor: Animal skin       |     3 |       ||     3
       Ring mail         |     9 |    14 ||    23
Dodge: Dodged            |    43 |    26 ||    69
